TOP OF THE 1ST |
---|
Memphis Blues batting - Pitching for Gainesville Guidos : RHP Rodney Hall | Pitching: RHP Rodney Hall | | Batting: LHB Armando Domínguez | 0-0: Fly out, F9 (Flyball, 9) | Batting: RHB Dennis Mays | 0-0: DOUBLE (Line Drive, 78D) | Batting: LHB Weston Chaney | 0-0: Called Strike 0-1: Ball 1-1: Ball 2-1: Ball 3-1: Base on Balls | Batting: LHB Brenton Carter | 0-0: Called Strike 0-1: Ball 1-1: Foul Ball, location: 2F 1-2: Strikes out swinging | Batting: LHB Phil Cantrell | 0-0: Called Strike 0-1: 3-RUN HOME RUN (Flyball, 9D), Distance : 364 ft | Batting: SHB Fernando Gutiérrez | 0-0: SINGLE (Flyball, 8LS) | Batting: RHB Leopoldo Horgan | 0-0: Called Strike 0-1: Foul Ball, location: 2F 0-2: Ball 1-2: Strikes out looking | Top of the 1st over - 3 runs, 3 hits, 0 errors, 1 left on base; Memphis 3 - Gainesville 0 | BOTTOM OF THE 1ST |
---|
Gainesville Guidos batting - Pitching for Memphis Blues : RHP Scott Willerton | Pitching: RHP Scott Willerton | | Batting: SHB Cornell Payne | 0-0: Ball 1-0: Fly out, F7 (Flyball, 7S) | Batting: LHB Eddy Jefferson | 0-0: Ball 1-0: Called Strike 1-1: Ball 2-1: Ball 3-1: SINGLE (Groundball, 4MD) | Batting: RHB Doug Coleman | 0-0: Ball Eddy Jefferson is caught stealing 2nd base 1-0: Foul Ball, location: 2F 1-1: Ground out 6-3 (Groundball, 6) | Bottom of the 1st over - 0 runs, 1 hit, 0 errors, 0 left on base; Memphis 3 - Gainesville 0 | TOP OF THE 2ND |
---|
Memphis Blues batting - Pitching for Gainesville Guidos : RHP Rodney Hall | Batting: SHB José Velásquez | 0-0: Fly out, F7 (Line Drive, 78M) | Batting: RHB Ángel Hernández | 0-0: Foul Ball, location: 2F 0-1: Swinging Strike 0-2: Foul Ball, location: 2F 0-2: SINGLE (Groundball, 6MD) | Batting: LHB Armando Domínguez | 0-0: Called Strike 0-1: Ball 1-1: Ball 2-1: Foul Ball, location: 2F 2-2: Ball 3-2: Foul Ball, location: 2F 3-2: Foul Ball, location: 2F 3-2: Hit by Pitch Ángel Hernández to second | Batting: RHB Dennis Mays | 0-0: Foul Ball, location: 2F 0-1: SINGLE (Groundball, 34S) (infield hit) Ángel Hernández to third Armando Domínguez to second | Batting: LHB Weston Chaney | 0-0: Ball 1-0: Ball 2-0: Ball 3-0: SINGLE (Flyball, 8LS) Ángel Hernández scores Armando Domínguez to third Dennis Mays to second | Batting: LHB Brenton Carter | 0-0: Ball 1-0: Grounds into double play, U3-6 (Groundball, 3L) | Top of the 2nd over - 1 run, 3 hits, 0 errors, 2 left on base; Memphis 4 - Gainesville 0 | BOTTOM OF THE 2ND |
---|
Gainesville Guidos batting - Pitching for Memphis Blues : RHP Scott Willerton | Batting: RHB Augusto Baca | 0-0: Called Strike 0-1: Foul Ball, location: 2F 0-2: Ball 1-2: Ball 2-2: Ball 3-2: Fly out, F9 (Flyball, 89S) | Batting: LHB Pedro Juárez | 0-0: Ball 1-0: Ball 2-0: Ball 3-0: Base on Balls | Batting: RHB Claudio Gonzáles | 0-0: Ball 1-0: Ball 2-0: Ball 3-0: Foul Ball, location: 2F 3-1: Fly out, F9 (Flyball, 9S) | Batting: SHB José Sousa | 0-0: Ball 1-0: Ground out 4-3 (Groundball, 4) | Bottom of the 2nd over - 0 runs, 0 hits, 0 errors, 1 left on base; Memphis 4 - Gainesville 0 | TOP OF THE 3RD |
---|
Memphis Blues batting - Pitching for Gainesville Guidos : RHP Rodney Hall | Batting: LHB Phil Cantrell | 0-0: Ball 1-0: Called Strike 1-1: Foul Ball, location: 2F 1-2: Ball 2-2: Ground out 4-3 (Groundball, 4S) | Batting: SHB Fernando Gutiérrez | 0-0: Ball 1-0: Swinging Strike 1-1: Ball 2-1: Foul Ball, location: 2F 2-2: Foul Ball, location: 2F 2-2: Ball 3-2: Base on Balls | Batting: RHB Leopoldo Horgan | 0-0: SINGLE (Flyball, 78M) Fernando Gutiérrez to second | Batting: SHB José Velásquez | 0-0: Ball 1-0: Swinging Strike 1-1: Called Strike 1-2: Strikes out swinging | Batting: RHB Ángel Hernández | 0-0: Ball 1-0: Fly out, F7 (Flyball, 78D) | Top of the 3rd over - 0 runs, 1 hit, 0 errors, 2 left on base; Memphis 4 - Gainesville 0 | BOTTOM OF THE 3RD |
---|
Gainesville Guidos batting - Pitching for Memphis Blues : RHP Scott Willerton | Batting: RHB Dave Hall | 0-0: Foul Ball, location: 2F 0-1: Ball 1-1: Ball 2-1: Ball 3-1: SOLO HOME RUN (Flyball, 89XD), Distance : 389 ft | Batting: SHB António Ramírez | 0-0: Foul Ball, location: 2F 0-1: Swinging Strike 0-2: SINGLE (Flyball, 7LM) | Batting: SHB Cornell Payne | 0-0: Called Strike 0-1: Swinging Strike 0-2: Ball 1-2: Strikes out swinging | Batting: LHB Eddy Jefferson | 0-0: Ball 1-0: Foul Ball, location: 2F 1-1: Called Strike 1-2: Ball 2-2: Ball 3-2: Base on Balls António Ramírez to second | Batting: RHB Doug Coleman | 0-0: Ball 1-0: Called Strike 1-1: TRIPLE (Flyball, 8RXD) António Ramírez scores Eddy Jefferson scores | Batting: RHB Augusto Baca | 0-0: SINGLE (Flyball, 8RS) Doug Coleman scores | Batting: LHB Pedro Juárez | 0-0: Swinging Strike 0-1: Ball 1-1: Foul Ball, location: 2F 1-2: Foul Ball, location: 2F 1-2: Fly out, F7 (Flyball, 7D) | Batting: RHB Claudio Gonzáles | 0-0: Ball 1-0: Fly out, F9 (Flyball, 9) | Bottom of the 3rd over - 4 runs, 4 hits, 0 errors, 1 left on base; Memphis 4 - Gainesville 4 | TOP OF THE 4TH |
---|
Memphis Blues batting - Pitching for Gainesville Guidos : RHP Rodney Hall | Batting: LHB Armando Domínguez | 0-0: Fly out, F4 (Popup, 34D) | Batting: RHB Dennis Mays | 0-0: Ball 1-0: Ball 2-0: Called Strike 2-1: SINGLE (Flyball, 9LS) | Batting: LHB Weston Chaney | 0-0: Ball 1-0: Fly out, F4 (Line Drive, 4) | Batting: LHB Brenton Carter | 0-0: Called Strike 0-1: Ball 1-1: Called Strike 1-2: Ball 2-2: DOUBLE (Flyball, 8RD) Dennis Mays to third | Batting: LHB Phil Cantrell | 0-0: Ball 1-0: Called Strike 1-1: Called Strike 1-2: Foul Ball, location: 2F 1-2: Ball 2-2: Foul Ball, location: 2F 2-2: Strikes out swinging | Top of the 4th over - 0 runs, 2 hits, 0 errors, 2 left on base; Memphis 4 - Gainesville 4 | BOTTOM OF THE 4TH |
---|
Gainesville Guidos batting - Pitching for Memphis Blues : RHP Scott Willerton | Batting: SHB José Sousa | 0-0: Ball 1-0: Ball 2-0: Fly out, F8 (Flyball, 89M) | Batting: RHB Dave Hall | 0-0: Ball 1-0: Ball 2-0: Ball 3-0: Called Strike 3-1: Foul Ball, location: 2F 3-2: Base on Balls | Batting: SHB António Ramírez | 0-0: Ball 1-0: Ball 2-0: Called Strike 2-1: Foul Ball, location: 2F 2-2: Fly out, F8 (Flyball, 89D) | Batting: SHB Cornell Payne | 0-0: Foul Ball, location: 2F 0-1: DOUBLE (Flyball, 8RXD) Dave Hall to third Runner from 3rd tries for Home, SAFE, no throw | Batting: LHB Eddy Jefferson | 0-0: Ground out 4-3 (Groundball, 4) | Bottom of the 4th over - 1 run, 1 hit, 0 errors, 1 left on base; Memphis 4 - Gainesville 5 | TOP OF THE 5TH |
---|
Memphis Blues batting - Pitching for Gainesville Guidos : RHP Rodney Hall | Batting: SHB Fernando Gutiérrez | 0-0: Foul Ball, location: 2F 0-1: Ball 1-1: Foul Ball, location: 2F 1-2: Ball 2-2: Ball 3-2: Foul Ball, location: 2F 3-2: Strikes out swinging | Batting: RHB Leopoldo Horgan | 0-0: Ball 1-0: Called Strike 1-1: Ball 2-1: SINGLE (Groundball, 56D) | Batting: SHB José Velásquez | 0-0: Ball 1-0: Called Strike 1-1: Ball 2-1: Foul Ball, location: 2F 2-2: Ball 3-2: Strikes out swinging | Batting: RHB Ángel Hernández | 0-0: Ball 1-0: Ball 2-0: Ground out 4-3 (Groundball, 4) | Top of the 5th over - 0 runs, 1 hit, 0 errors, 1 left on base; Memphis 4 - Gainesville 5 | BOTTOM OF THE 5TH |
---|
Gainesville Guidos batting - Pitching for Memphis Blues : RHP Scott Willerton | Batting: RHB Doug Coleman | 0-0: Ball 1-0: Ball 2-0: Foul Ball, location: 2F 2-1: Ball 3-1: Ground out 5-3 (Groundball, 56S) | Batting: RHB Augusto Baca | 0-0: Called Strike 0-1: Swinging Strike 0-2: Ball 1-2: Ball 2-2: Foul Ball, location: 2F 2-2: Ground out 3-1 (Groundball, 34S) | Batting: LHB Pedro Juárez | 0-0: Ball 1-0: Ball 2-0: Reached on error, E1 (Groundball, 13) | Batting: RHB Claudio Gonzáles | 0-0: Ball 1-0: Called Strike 1-1: SINGLE (Line Drive, 4M) Pedro Juárez to second Runner from 2nd tries for 3rd, SAFE, no throw | Batting: SHB José Sousa | 0-0: Ground out 4-3 (Groundball, 4) | Bottom of the 5th over - 0 runs, 1 hit, 1 error, 2 left on base; Memphis 4 - Gainesville 5 | TOP OF THE 6TH |
---|
Memphis Blues batting - Pitching for Gainesville Guidos : RHP Rodney Hall | Batting: LHB Armando Domínguez | 0-0: Called Strike 0-1: Swinging Strike 0-2: Ball 1-2: Strikes out swinging | Batting: RHB Dennis Mays | 0-0: Ball 1-0: Foul Ball, location: 2F 1-1: Swinging Strike 1-2: Foul Ball, location: 2F 1-2: Foul Ball, location: 2F 1-2: Ball 2-2: Strikes out swinging | Batting: LHB Weston Chaney | 0-0: Called Strike 0-1: Swinging Strike 0-2: Ball 1-2: Ground out 1-3 (Groundball, P) | Top of the 6th over - 0 runs, 0 hits, 0 errors, 0 left on base; Memphis 4 - Gainesville 5 | BOTTOM OF THE 6TH |
---|
Gainesville Guidos batting - Pitching for Memphis Blues : RHP Scott Willerton | Batting: RHB Dave Hall | 0-0: Called Strike 0-1: Foul Ball, location: 2F 0-2: SINGLE (Groundball, 56S) (infield hit) | Pitching: LHP Fernando Palácios | | Batting: SHB António Ramírez | 0-0: Fly out, F5 (Popup, 25F) | Batting: SHB Cornell Payne | 0-0: Called Strike 0-1: Ball 1-1: Ball 2-1: Foul Ball, location: 2F 2-2: Strikes out swinging | Batting: LHB Eddy Jefferson | 0-0: SINGLE (Line Drive, 6MD) Dave Hall to second | Batting: RHB Doug Coleman | 0-0: Ball 1-0: Ball 2-0: Called Strike 2-1: Swinging Strike 2-2: Foul Ball, location: 2F 2-2: Strikes out swinging | Bottom of the 6th over - 0 runs, 2 hits, 0 errors, 2 left on base; Memphis 4 - Gainesville 5 | TOP OF THE 7TH |
---|
Memphis Blues batting - Pitching for Gainesville Guidos : RHP Rodney Hall | Pitching: LHP Anthony Robinson | | Batting: LHB Brenton Carter | 0-0: Called Strike 0-1: Ball 1-1: Ball 2-1: Ball 3-1: Base on Balls | Pinch Hitting: RHB Julian Lee | 0-0: Swinging Strike 0-1: Ball 1-1: Ground out 5-3 (Groundball, 56S) Brenton Carter to second | Pitching: RHP Matt Johnston | | Batting: SHB Fernando Gutiérrez | 0-0: Foul Ball, location: 2F 0-1: Swinging Strike 0-2: Ball 1-2: Ball 2-2: Foul Ball, location: 2F 2-2: Ball 3-2: Foul Ball, location: 2F 3-2: Base on Balls | Pinch Hitting: LHB Mark Folger | 0-0: Ball 1-0: Foul Ball, location: 2F 1-1: Foul Ball, location: 2F 1-2: Foul Ball, location: 2F 1-2: Foul Ball, location: 2F 1-2: Foul Ball, location: 2F 1-2: Ball Wild Pitch! Brenton Carter to third Fernando Gutiérrez to second 2-2: Strikes out swinging | Batting: SHB José Velásquez | 0-0: Ball 1-0: Foul Ball, location: 2F 1-1: Ball 2-1: Ball 3-1: Foul Ball, location: 2F 3-2: Base on Balls | Batting: RHB Ángel Hernández | 0-0: Called Strike 0-1: Ball 1-1: Ball 2-1: Ball 3-1: Base on Balls Brenton Carter scores Fernando Gutiérrez to third José Velásquez to second | Batting: LHB Armando Domínguez | 0-0: Called Strike 0-1: Ground out 5-3 (Groundball, 56S) | Top of the 7th over - 1 run, 0 hits, 0 errors, 3 left on base; Memphis 5 - Gainesville 5 | BOTTOM OF THE 7TH |
---|
Gainesville Guidos batting - Pitching for Memphis Blues : LHP Fernando Palácios | Now at 3B: Jorge Domínguez | | Now in RF: Julian Lee | | Batting: RHB Augusto Baca | 0-0: Foul Ball, location: 2F 0-1: Called Strike 0-2: Ball 1-2: Ball 2-2: Fly out, F9 (Flyball, 9D) | Batting: LHB Pedro Juárez | 0-0: Ball 1-0: Ball 2-0: Ball 3-0: Base on Balls | Batting: RHB Claudio Gonzáles | 0-0: Ball 1-0: Grounds into double play, 4-6-3 (Groundball, 4) | Bottom of the 7th over - 0 runs, 0 hits, 0 errors, 0 left on base; Memphis 5 - Gainesville 5 | TOP OF THE 8TH |
---|
Memphis Blues batting - Pitching for Gainesville Guidos : RHP Matt Johnston | Pinch Hitting: LHB Jorge Silva | 0-0: Ground out 6-3 (Groundball, 56) | Batting: LHB Weston Chaney | 0-0: Called Strike 0-1: Ball 1-1: Ball 2-1: Ball 3-1: Base on Balls | Pinch Runner at 1st Bill Stephenson: | | Batting: LHB Brenton Carter | 0-0: Ball 1-0: Called Strike 1-1: Ball Bill Stephenson steals 2nd base 2-1: 2-RUN HOME RUN (Flyball, 89XD), Distance : 384 ft | Pitching: RHP Mario Tovar | | Batting: RHB Julian Lee | 0-0: Called Strike 0-1: Foul Ball, location: 2F 0-2: Ball 1-2: Strikes out swinging | Batting: SHB Fernando Gutiérrez | 0-0: Called Strike 0-1: Foul Ball, location: 2F 0-2: Ball 1-2: Ball 2-2: Foul Ball, location: 2F 2-2: Ball 3-2: Foul Ball, location: 2F 3-2: Ground out 4-3 (Groundball, 4) | Top of the 8th over - 2 runs, 1 hit, 0 errors, 0 left on base; Memphis 7 - Gainesville 5 | BOTTOM OF THE 8TH |
---|
Gainesville Guidos batting - Pitching for Memphis Blues : LHP Fernando Palácios | Now in RF: Jorge Silva | | Batting: SHB José Sousa | 0-0: Foul Ball, location: 2F 0-1: Ball 1-1: Ball 2-1: Ball 3-1: Ground out 6-3 (Groundball, 6) | Batting: RHB Dave Hall | 0-0: Foul Ball, location: 2F 0-1: Ball 1-1: Foul Ball, location: 2F 1-2: Strikes out looking | Batting: SHB António Ramírez | 0-0: Called Strike 0-1: Ball 1-1: Ball 2-1: SINGLE (Groundball, 6MD) | Pitching: LHP Peter Turner | | Batting: SHB Cornell Payne | 0-0: Ball 1-0: Ball 2-0: Foul Ball, location: 2F 2-1: Ground out 5-3 (Groundball, 56S) | Bottom of the 8th over - 0 runs, 1 hit, 0 errors, 1 left on base; Memphis 7 - Gainesville 5 | TOP OF THE 9TH |
---|
Memphis Blues batting - Pitching for Gainesville Guidos : RHP Mario Tovar | Batting: RHB Jorge Domínguez | 0-0: Fly out, F8 (Flyball, 8LS) | Batting: SHB José Velásquez | 0-0: Foul Ball, location: 2F 0-1: Ball 1-1: Called Strike 1-2: Strikes out swinging | Batting: RHB Ángel Hernández | 0-0: Ball 1-0: SINGLE (Groundball, 34D) | Batting: LHB Armando Domínguez | 0-0: Called Strike 0-1: Foul Ball, location: 2F 0-2: Ground out 5-3 (Groundball, 56S) | Top of the 9th over - 0 runs, 1 hit, 0 errors, 1 left on base; Memphis 7 - Gainesville 5 | BOTTOM OF THE 9TH |
---|
Gainesville Guidos batting - Pitching for Memphis Blues : LHP Peter Turner | Pitching: RHP Luis Pistoni | | Batting: LHB Eddy Jefferson | 0-0: Called Strike 0-1: Ball 1-1: Foul Ball, location: 2F 1-2: Ball 2-2: Ball 3-2: Base on Balls | Batting: RHB Doug Coleman | 0-0: Grounds into double play, 4-6-3 (Groundball, 4) | Batting: RHB Augusto Baca | 0-0: Ball 1-0: Ground out U3 (Groundball, 34) | Bottom of the 9th over - 0 runs, 0 hits, 0 errors, 0 left on base; Memphis 7 - Gainesville 5 | |